 Dungeon Crawl Stone Soup version 0.30-a0-4-ga7cffc901d (webtiles) character file.

Game seed: 7455022232227855199

151 Setbun the Magician (level 5, -2/28 HPs)
             Began as a Deep Elf Fire Elementalist on Aug 20, 2022.
             Slain by Ijyb
             ... wielding a +5 dagger of venom
              (4 damage)
             ... on level 3 of the Dungeon.
             The game lasted 00:04:37 (3769 turns).

Setbun the Magician (Deep Elf Fire Elementalist)    Turns: 3769, Time: 00:04:38

Health: -2/28      AC:  2    Str:  5    XL:     5   Next: 11%
Magic:  10/15      EV: 12    Int: 22    God:
Gold:   176        SH:  0    Dex: 15    Spells: 14/15 levels left

rFire   . . .      SeeInvis .    (no weapon)
rCold   . . .      Faith    .    (no shield)
rNeg    . . .      Spirit   .    a - +0 robe
rPois   .          Reflect  .    (no helmet)
rElec   .          Harm     .    (no cloak)
rCorr   .          Rampage  .    (no gloves)
Will    .....                    (no boots)
Stlth   ++........               (no amulet)
HPRegen 0.09/turn                (no ring)
MPRegen 0.14/turn                (no ring)

@: very slightly contaminated
A: no striking features
a: no special abilities


You were on level 3 of the Dungeon.
You visited 1 branch of the dungeon, and saw 3 of its levels.

You collected 176 gold pieces.

Inventory:

Armour
 a - a +0 robe (worn)
Scrolls
 c - 4 scrolls of identify {unknown}
 e - 2 scrolls of enchant weapon {unknown}
 f - a scroll of fear {unknown}
 g - a scroll of blinking {unknown}
 j - a scroll of immolation {unknown}
Potions
 b - 2 potions of magic
 d - a potion of heal wounds {unknown}
 h - a potion of mutation {unknown}
 i - 2 potions of ambrosia {unknown}
 k - a potion of flight {unknown}


   Skills:
 - Level 2.4 Dodging
 - Level 2.4 Stealth
 * Level 5.5 Spellcasting
 + Level 2.8 Conjurations
 + Level 4.2 Fire Magic


You had 14 spell levels left.
You knew the following spells:

 Your Spells              Type           Power      Damage    Failure   Level
a - Foxfire               Conj/Fire      84%        2x1d8     2%          1

Your spell library contained the following spells:

 Spells                   Type           Power      Damage    Failure   Level
 Scorch                   Fire           48%        2d7       2%          2
 Conjure Flame            Conj/Fire      21%        6-21      7%          3
 Freeze                   Ice            24%        1d5       10%         1
 Sandblast                Erth           12%        2d6       10%         1
 Inner Flame              Hex/Fire       15%        N/A       12%         3
 Passwall                 Tmut/Erth      5%         N/A       14%         2
 Stone Arrow              Conj/Erth      24%        3d8       16%         3
 Flame Wave               Conj/Fire      21%        2d8       22%         4
 Frozen Ramparts          Ice            12%        1d2       28%         3
 Hailstorm                Conj/Ice       12%        3d5       47%         4


Dungeon Overview and Level Annotations

Branches:
Dungeon (3/15)

Altars:

Annotations:
D:3 Ijyb


Message History

You start resting.
HP restored.
There is a stone staircase leading down here.
You climb downwards.
Level annotation: Ijyb
Found 18 gold pieces.
There is a stone staircase leading up here.
You now have 176 gold pieces (gained 18).
Ijyb is nearby!
Ijyb is nearby!
Ijyb is nearby!
Ijyb is nearby!
You conjure some foxfire!
Ijyb shouts!
You conjure some foxfire!
The foxfire hits Ijyb.
Ijyb is lightly wounded.
The foxfire hits Ijyb.
Ijyb is lightly wounded.
You miscast Foxfire.
You are very lightly contaminated with residual magic.
Nothing appears to happen.
The foxfire hits Ijyb.
Ijyb is heavily wounded.
You conjure some foxfire!
Ijyb hits you with a +5 dagger of venom!
There is not enough space to conjure foxfire!
There is not enough space to conjure foxfire!
You hit Ijyb but do no damage.
Ijyb is heavily wounded.
The foxfire hits Ijyb but does no damage.
Ijyb is heavily wounded.
The foxfire hits Ijyb.
Ijyb is severely wounded.
Ijyb zaps a wand.
The bolt of acid hits you!!
Ouch! That really hurt!
* * * LOW HITPOINT WARNING * * *
Casting: Foxfire (safe; 2% risk of failure)
Confirm with . or Enter, or press ? or * to list all spells.
You conjure some foxfire!
Ijyb hits you with a +5 dagger of venom.
You die...

#....# ####.#
#ยง....... #
#.....#.#
###.# #..####
..#.# #...
.... ##)## ..#
...#######g.#
#.......@v.#
#.###..##v##
#.###..# ...
#......# ##.#
#..##.#####.#
#. #.......# #
#.#######
#########....#
........<....#


You could see Ijyb (ally target).

Vanquished Creatures
  An orc wizard (D:3)
  4 gnolls (D:2)
  A worm (D:2)
  2 dart slugs (D:2)
  14 orcs
  5 bats
  7 endoplasms
  4 giant cockroaches
  3 hobgoblins
  A kobold (D:1)
  A quokka (D:3)
  5 ball pythons
  A frilled lizard (D:2)
  7 goblins
  7 rats
63 creatures vanquished.

Vanquished Creatures (collateral kills)
  4 foxfires (D:1)
4 creatures vanquished.

Vanquished Creatures (others)
  370 foxfires
370 creatures vanquished.

Grand Total: 437 creatures vanquished

Notes
Turn   | Place    | Note
-------+----------+-------------------------------------------
     0 | D:1      | Setbun the Deep Elf Fire Elementalist began the quest for
                  | the Orb.
     0 | D:1      | Reached XP level 1. HP: 10/10 MP: 6/6
   294 | D:1      | Reached XP level 2. HP: 15/15 MP: 4/8
   736 | D:1      | Found a faded altar of an unknown god.
   848 | D:1      | Reached skill level 4 in Spellcasting
   956 | D:1      | Reached XP level 3. HP: 19/19 MP: 6/10
  1625 | D:2      | Reached XP level 4. HP: 24/24 MP: 7/12
  2372 | D:3      | Reached skill level 5 in Spellcasting
  3163 | D:3      | Reached XP level 5. HP: 28/28 MP: 9/14
  3498 | D:3      | Noticed Ijyb
  3769 | D:3      | Slain by Ijyb

Illustrated notes

Levels and vault maps discovered:
D:1:      onia_arrival_pyramid, layout_rooms,
          ebering_ecumenical_altar_petrified, patterned_corridor
D:2:      layout_rooms
D:3:      layout_basic, uniq_ijyb

Skill      XL: |  1  2  3  4 |
---------------+-------------+-----
Spellcasting   | 4 5 |  5.5
Conjurations   | 2 |  2.8
Fire Magic     | 4 |  4.2
Dodging        | |  2.4
Stealth        | |  2.4

Action                   |  1- 3 |  4- 6 || total
-------------------------+-------+-------++-------
Melee: Unarmed           |     3 |     3 ||     6
 Cast: Foxfire           |   119 |   108 ||   227
Armor: Robe              |     1 |     2 ||     3
Dodge: Dodged            |     1 |    17 ||    18

Table legend: (Time is in decaauts)
 A = Elapsed time spent in this place.
 B = Non-inter-level travel time spent in this place.
 C = Inter-level travel time spent in this place.
 D = Time resting spent in this place.
 E = Time spent auto-exploring this place.
 F = Levels seen in this place.
 G = Mean time per level.
                   A        B        C        D        E       F      G
               +--------+--------+--------+--------+--------+-----+--------+
         Total |   3772 |   3731 |     41 |    872 |   2433 |   3 | 1257.3 |
       Dungeon |   3772 |   3731 |     41 |    872 |   2433 |   3 | 1257.3 |
               +--------+--------+--------+--------+--------+-----+--------+

Top non-repeatable levels by time:
     D:2: 1833 daAuts
     D:1: 1240 daAuts
     D:3: 699 daAuts
